 Dungeon Crawl Stone Soup version bcrawl-1.27.3 (webtiles) character file.

Game seed: 15183963935218838481

83577 Begoul the Firebug (level 3, 28/28 HPs)
             Began as a Hill Orc Fire Elementalist on Aug 16, 2020.
             Was an Initiate of Ru.
             Quit the game on level 2 of the Dungeon.
             The game lasted 00:08:59 (2500 turns).

Begoul the Firebug (Hill Orc Fire Elementalist)     Turns: 2500, Time: 00:09:00

Health: 28/28      AC:  5    Str: 11    XL:     3   Next: 87%
Magic:  6/6        EV: 10    Int: 15    God:    Ru [......]
Gold:   68         SH:  0    Dex: 11    Spells: 5/6 levels left

rFire    . . .     SeeInvis .   i - +0 war axe
rCold    . . .     Gourm    .   (no shield)
rNeg     . . .     Faith    .   p - +0 ring mail
rPois    .         Spirit   .   (no helmet)
rElec    .         Reflect  .   (no cloak)
rCorr    .         Harm     .   (no gloves)
MR       .....                  (no boots)
Stlth    +.........             (no amulet)
HPRegen  0.09/turn              (no ring)
MPRegen  0.10/turn              (no ring)

@: no status effects
A: no striking features
a: Renounce Religion


You were on level 2 of the Dungeon.
You worshipped Ru.
Ru was noncommittal.
You were not hungry.

You visited 1 branch of the dungeon, and saw 2 of its levels.

You collected 68 gold pieces.

Inventory:

Hand Weapons
 d - a +0 club
 i - a +0 war axe (weapon)
Missiles
 c - 1202 stones (quivered)
Armour
 a - a +0 robe
 f - the +0 Maxwell's etheric cage {RegenMP+ *Contam rElec Stlth-}
   (You took it off Robin on level 2 of the Dungeon)

   It insulates you from electricity.
   It causes magical contamination when unequipped.
   It makes you less stealthy.
 m - a scarf of clouds
 n - a +0 scale mail
 p - a +0 ring mail (worn)
Jewellery
 q - an uncursed ring of insulation {unknown}
Scrolls
 h - a scroll of amnesia {unknown}
 j - a scroll of identify
 o - 2 scrolls of teleportation {unknown}
Potions
 b - a potion of heal wounds {unknown}
 g - a potion of degeneration {unknown}
 k - 2 potions of curing {unknown}
Comestibles
 e - 4 rations {!d}
 l - 2 chunks of flesh


   Skills:
 + Level 1.0 Fighting
   Level 1.0 Short Blades
   Level 1.0 Long Blades
   Level 1.0 Axes
   Level 1.0 Maces & Flails
   Level 1.0 Polearms
   Level 1.0 Staves
 + Level 1.3 Armour
 - Level 1.5 Dodging
 - Level 1.7 Stealth
   Level 1.0 Unarmed Combat
 + Level 2.4 Spellcasting
 + Level 2.0 Conjurations
 + Level 3.7 Fire Magic


You had 5 spell levels left.
You knew the following spells:

 Your Spells              Type           Power        Failure   Level  Hunger
a - Flame Tongue          Conj/Fire      ##...        16%         1    None

Your spell library contained the following spells:

 Spells                   Type           Power        Failure   Level  Hunger
 Flaming Arrows           Chrm/Fire      #.......     34%         2    ##.....
 Conjure Flame            Conj/Fire      ##......     43%         3    ####...
 Inner Flame              Hex/Fire       N/A          56%         3    ####...
 Sticky Flame             Conj/Fire      ##......     83%         4    ######.
 Fireball                 Conj/Fire      ##........   99%         5    #######


Dungeon Overview and Level Annotations

Branches:
Dungeon (2/12)

Altars:
Okawaru
Ru
Trog

Annotations:
D:2 d, 1 runed door


Message History

A quokka is nearby!
Casting: Flame Tongue (safe; 16% risk of failure)
Confirm with . or Enter, or press ? or * to list all spells.
Aiming: Flame Tongue (safe; 16% risk of failure)
Press: ? - help, Shift-Dir - straight line, f - quokka
Aim: a quokka The flame tongue hits the quokka!
You kill the quokka!
You see here a quokka corpse.
All of the chunks of flesh in your inventory have rotted away.
You butcher the quokka corpse.
l - 2 chunks of flesh You see here a quokka skeleton. x2
There is a stone staircase leading down here.
k - 2 fuming cyan potions (gained 1)
q - a glowing wooden ring Partly explored, can't reach some items and places.
Partly explored, can't reach some items and places.
Partly explored, can't reach some items and places.
Are you sure you want to abandon this character and quit the game? (Confirm with "yes".)

#############
###...........## ###
#.....######.#.#
##.#####.###....รท..###.
#.....@..# #.######.#.#
##.#####.###....####.##
#.# #.....##.##..... #.#
###.####.##.#>## #.#
#.####.##.#.# #.#
##...........# #.#
##.#........###
#.#####.###.##.####
#.#....## ##.#.#


There were no monsters in sight!

Vanquished Creatures
  Robin (D:2)
  3 worms (D:2)
  3 leopard geckos
  2 ball pythons (D:2)
  A giant cockroach (D:2)
  2 goblins
  A hobgoblin (D:2)
  2 jackals (D:1)
  A quokka (D:2)
  2 bats
  4 frilled lizards (D:2)
  4 kobolds
  5 rats
31 creatures vanquished.

Notes
Turn   | Place    | Note
-------+----------+-------------------------------------------
     0 | D:1      | Begoul the Hill Orc Fire Elementalist began the quest for
                  | the Orb.
     0 | D:1      | Reached XP level 1. HP: 14/14 MP: 3/3
   789 | D:1      | Reached XP level 2. HP: 22/22 MP: 3/5
  1545 | D:2      | Noticed Robin
  1558 | D:2      | Killed Robin
  1558 | D:2      | Reached skill level 1 in Armour
  1558 | D:2      | Reached XP level 3. HP: 13/27 MP: 1/6
  1861 | D:2      | Found a sacrificial altar of Ru.
  1885 | D:2      | Became a worshipper of Ru the Awakened
  2124 | D:2      | Found a runed door.
  2142 | D:2      | Found a bloodstained altar of Trog.
  2143 | D:2      | Found an iron altar of Okawaru.
  2223 | D:2      | Reached skill level 1 in Fighting
  2500 | D:2      | Quit the game

Skill      XL: |  1  2  3 |
---------------+----------+-----
Armour         | 1 |  1.3
Fighting       | 1 |  1.0
Conjurations   | 2 |  2.0
Short Blades   | |  1.0
Long Blades    | |  1.0
Axes           | |  1.0
Maces & Flails | |  1.0
Polearms       | |  1.0
Staves         | |  1.0
Dodging        | |  1.5
Stealth        | |  1.7
Unarmed Combat | |  1.0
Spellcasting   | |  2.4
Fire Magic     | |  3.7

Action                   || total
-------------------------++-------
Melee: Unarmed           ||     2
       War axe           ||    15
       Club              ||     4
 Cast: Flame Tongue      ||    54
  Use: Scroll            ||     2
  Eat: Chunk             ||     5
       Ration            ||     1
Armor: Robe              ||    11
Dodge: Dodged            ||    26
